 Dungeon Crawl Stone Soup version 0.29.1-12-g30fa7ad0bf (webtiles) character file.

Game seed: 887341461497556045

13587 KittyFluff the Protected (level 12, -4/77 HPs)
             Began as a Gargoyle Berserker on Jan 15, 2023.
             Was a High Priest of Trog.
             Slain by a minotaur
             ... wielding a +1 battleaxe of freezing
              (5 damage)
             ... in a Gauntlet.
             The game lasted 00:56:58 (12139 turns).

KittyFluff the Protected (Gargoyle Berserker)      Turns: 12139, Time: 00:57:00

Health: -4/77      AC: 27    Str: 24    XL:     12   Next: 7%
Magic:  12/12      EV: 14    Int:  8    God:    Trog [*****.]
Gold:   260        SH: 12    Dex: 17    Spells: 11/11 levels left

rFire   . . .      SeeInvis .   Z - +0 demon whip (venom)
rCold   . . .      Faith    .   e - +0 buckler
rNeg    + . .      Spirit   .   P - +0 ring mail
rPois   ∞          Reflect  +   n - +2 helmet
rElec   +          Harm     .   r - +1 cloak {Will+}
rCorr   .          Rampage  .   Q - +2 pair of gloves
Will    +....      NoTele   +   H - +1 pair of boots
Stlth   +.........              K - amulet of reflection
HPRegen 0.22/turn               j - +6 ring of dexterity
MPRegen 0.13/turn               (no ring)

@: no status effects
A: sickness immunity, AC +8, negative energy resistance 1, electricity
resistance, torment resistance 1, petrification resistance
a: Renounce Religion, Berserk, Trog's Hand, Brothers in Arms


You were in a Gauntlet.
You worshipped Trog.
Trog was extremely pleased with you.
You visited 1 branch of the dungeon, and saw 11 of its levels.
You also visited: Gauntlet.

You collected 545 gold pieces.
You spent 285 gold pieces at shops.

Inventory:

Hand Weapons
 l - a +0 sling
 s - a +4 vorpal flail
 O - a +1 morningstar of protection
 Z - a +0 demon whip of venom (weapon)
Missiles
 D - 3 boomerangs
 I - 12 poisoned darts (quivered)
 J - 9 datura-tipped darts
 Y - a curare-tipped dart
Armour
 e - a +0 buckler (worn)
 n - a +2 helmet (worn)
 r - a +1 cloak of willpower (worn)
 u - a +1 robe of cold resistance
 H - a +1 pair of boots (worn)
 M - a +0 scale mail
 P - a +0 ring mail (worn)
 Q - a +2 pair of gloves (worn)
 S - a +2 robe of positive energy
 T - the +4 helmet of Duxzi {Harm *Slow rF+ Int+4 SInv}
   (You bought it in a shop on level 7 of the Dungeon)

   Int:       It affects your intelligence (+4).
   rF:        It protects you from fire.
   SInv:      It lets you see invisible.
   *Slow:     It may slow you when you take damage.
   Harm:      It increases damage dealt and taken.
Jewellery
 j - a +6 ring of dexterity (left hand)
 v - a ring of ice
 K - an amulet of reflection (around neck)
Wands
 a - a wand of flame (26)
 h - a wand of digging (4)
 G - a wand of light (12)
 U - a wand of mindburst (20)
 W - a wand of polymorph (7)
Scrolls
 c - 3 scrolls of magic mapping {unknown}
 d - a scroll of fog {unknown}
 g - 4 scrolls of immolation {unknown}
 i - 3 scrolls of teleportation
 m - a scroll of blinking {unknown}
 q - a scroll of summoning
 w - a scroll of fear {unknown}
 y - 2 scrolls of poison {unknown}
 A - 4 scrolls of enchant armour
 B - 2 scrolls of identify {unknown}
 C - a scroll of vulnerability {unknown}
 F - 2 scrolls of brand weapon {unknown}
 R - 4 scrolls of enchant weapon
Potions
 b - 2 potions of attraction {unknown}
 f - 11 potions of curing {unknown}
 k - a potion of resistance {unknown}
 o - 4 potions of ambrosia {unknown}
 p - 2 potions of brilliance {unknown}
 t - 3 potions of might {unknown}
 x - 3 potions of degeneration {unknown}
 z - 2 potions of berserk rage {unknown}
 E - a potion of invisibility {unknown}
 L - 2 potions of flight {unknown}
 N - a potion of haste {unknown}
 V - a potion of mutation {unknown}
 X - a potion of lignification {unknown}


   Skills:
 + Level 9.8 Fighting
 * Level 9.6 Maces & Flails
 * Level 10.1 Armour
 + Level 7.2 Dodging
 + Level 9.0 Shields


You had 11 spell levels left.
You didn't know any spells.
Your spell library was empty.

Dungeon Overview and Level Annotations

Branches:
Dungeon (11/15)            Temple (0/1) D:7             Orc (0/2) D:11
Gauntlet (1/1)
   Lair: D:8-11

Altars:
Dithmenos
Elyvilon
Gozag
Makhleb
Okawaru
Qazlal
Ru
Sif Muna
Trog
Uskayaw
Xom
Yredelemnul
Zin
The Shining One

Shops:
D:4 =   D:7 [

Annotations:
Gauntlet 3 transporters


Innate Abilities, Weirdness & Mutations

You are immune to sickness and miasma.
Your stone body is resilient. (AC +8)
You are immune to poison.
You resist negative energy. (rN+)
You are resistant to electric shocks. (rElec)
You are resistant to unholy torment.
You are immune to petrification.


Message History

Found a transporter.
Found a scroll of summoning.
Found a transporter.
There is a transporter landing site here.
The ynoxinul bellows!
The iron imp shouts, "Flee, thou rank milk-livered simpleton!"
The iron imp summons a swarm of flies.
A minotaur comes into view.
It is wielding the +4 arbalest of Armageddon {elec, rF- rN+ SInv}, wearing a +3 chain mail of poison resistance and quivering silver javelins.
The minotaur shoots a bolt.
The bolt hits you!
The minotaur shoots a bolt.
The bolt closely misses you.
Throw: 13 darts (poison)
Press: ? - help, Q - select action, (/) - cycle Shift-Dir - straight line, f - minotaur
Aim: a minotaur, wielding the +4 arbalest of Armageddon {elec, rF- rN+ SInv}, wearing a +3 chain mail of poison resistance and quivering silver javelins (74% to hit)
You throw a poisoned dart. The poisoned dart hits the minotaur.
The minotaur shoots a bolt.
The bolt hits you!
The minotaur shoots a bolt.
The bolt hits you.
The minotaur shoots a bolt.
The bolt barely misses you.
The minotaur unwields the +4 arbalest of Armageddon {elec, rF- rN+ SInv}.
It stops crackling.
The minotaur wields a +1 battleaxe of freezing.
It glows with a cold blue light!
You block the minotaur's attack.
The minotaur gores you but does no damage.
You hit the minotaur.
The minotaur is poisoned.
The minotaur is lightly wounded.
The minotaur hits you with a +1 battleaxe of freezing!!
The minotaur freezes you! The minotaur closely misses you.
You completely miss the minotaur.
The minotaur furiously retaliates!
The minotaur headbutts you, but does no damage.
The minotaur is lightly wounded.
The minotaur closely misses you. You block the minotaur's attack.
You whack the minotaur!
The minotaur is lightly wounded.
You hit the minotaur.
The minotaur is moderately wounded.
The minotaur hits you with a +1 battleaxe of freezing!!
* * * LOW HITPOINT WARNING * * *
The minotaur freezes you!
* * * LOW HITPOINT WARNING * * *
The minotaur gores you.
You die...

#. ..# #.#. #.#.#
### .2#..###≈##
###...#≈≈≈#### ##
.8#...#...##.# ..
.©#.8.#......##.#
.8#.⌠.#.8.##.@H(#
###.8.#.©.##.##....#
.3#...#.8....##
##...
#5#...#.©.##... #
.5#.8.#.8.##.##
#5#.∩.#.©....##.
..#.8.#.8.##...
⌠.#...#.©.##.##
..#...#.8....#


You could see a minotaur (very poisoned).

Vanquished Creatures
  A hydra (D:11)
  2 two-headed ogres
  Amaemon (D:9)
  The ghost of retardedninja the Covered, a novice MiFi of Gozag (D:6)
  A manticore (D:11)
  An elephant (D:11)
  A torpor snail (Gauntlet)
  An orange demon (D:9)
  An unseen horror zombie (D:8)
  2 trolls
  Grinder (D:3)
  Sigmund (D:6)
  3 shadows (D:11)
  13 yaks
  A wyvern (D:9)
  3 vampire mosquitoes (D:11)
  A steam dragon (D:9)
  4 acid dragons
  2 water moccasins
  4 orc warriors
  A black bear (D:11)
  Pargi (D:3)
  A sky beast (D:6)
  An ogre (D:5)
  5 wolves (Gauntlet)
  2 centaurs
  A phantom (D:6)
  2 kobold brigands (D:9)
  2 bullfrogs
  A necrophage (D:6)
  4 scorpions
  10 wights
  2 troll zombies (D:11)
  14 killer bees
  5 howler monkeys
  4 centaur zombies (D:8)
  4 hounds
  4 orc priests
  2 jellies
  Terence (D:3)
  3 iguanas
  Natasha (thrice) (D:3)
  11 orc wizards
  2 killer bee zombies (D:8)
  4 ogre zombies (D:11)
  A howler monkey zombie (D:8)
  4 gnolls (D:2)
  15 adders
  An ufetubus (D:7)
  5 worms
  3 dart slugs
  40 orcs
  9 endoplasms
  9 giant cockroaches
  9 goblins
  11 hobgoblins
  8 jackals
  15 kobolds
  3 quokkas
  6 ball pythons
  7 bats
  4 frilled lizards
  A goblin skeleton (D:11)
  2 goblin zombies (D:11)
  A hobgoblin skeleton (D:11)
  A hobgoblin zombie (D:11)
  An orc skeleton (D:11)
  12 orc zombies (D:11)
  11 rats
314 creatures vanquished.

Vanquished Creatures (collateral kills)
  A bullfrog (D:7)
  A howler monkey (D:7)
2 creatures vanquished.

Vanquished Creatures (others)
  3 orc wizards
  3 demonic plants (Gauntlet)
  A plant (D:2)
7 creatures vanquished.

Grand Total: 323 creatures vanquished

Notes
Turn   | Place    | Note
-------+----------+-------------------------------------------
     0 | D:1      | KittyFluff the Gargoyle Berserker began the quest for the
                  | Orb.
     0 | D:1      | Reached XP level 1. HP: 14/14 MP: 1/1
   115 | D:1      | Reached XP level 2. HP: 3/19 MP: 2/2
   478 | D:1      | Found a faded altar of an unknown god.
   799 | D:1      | Reached XP level 3. HP: 13/23 MP: 3/3
  1359 | D:1      | Reached ** piety under Trog
  1666 | D:2      | HP: 1/24 [worm (2)]
  1997 | D:2      | Reached skill level 1 in Shields
  2126 | D:2      | Reached XP level 4. HP: 21/29 MP: 4/4
  2136 | D:2      | Reached skill level 3 in Armour
  2602 | D:2      | Reached XP level 5. HP: 32/33 MP: 5/5
  2834 | D:3      | Noticed Natasha
  2840 | D:3      | Killed Natasha
  2906 | D:3      | Found a shimmering altar of Xom.
  2965 | D:3      | Noticed Grinder
  2966 | D:3      | Noticed Terence
  2980 | D:3      | Killed Grinder
  2981 | D:3      | Reached XP level 6. HP: 39/39 MP: 6/6
  2985 | D:3      | Killed Terence
  3313 | D:3      | Reached skill level 4 in Armour
  3330 | D:3      | Reached XP level 7. HP: 44/44 MP: 7/7
  3395 | D:3      | Noticed Natasha
  3400 | D:3      | Killed Natasha
  3560 | D:3      | Noticed Pargi
  3570 | D:3      | Killed Pargi
  3571 | D:3      | Reached skill level 5 in Fighting
  3736 | D:3      | Noticed Natasha
  3744 | D:3      | Killed Natasha
  3744 | D:3      | Reached *** piety under Trog
  4062 | D:4      | Found Qainwe's Jewellery Emporium.
  4396 | D:4      | Reached XP level 8. HP: 47/50 MP: 8/8
  4435 | D:4      | Reached skill level 5 in Maces & Flails
  4638 | D:4      | You fall into a shaft and drop 1 floor!
  4638 | D:5      | Entered Level 5 of the Dungeon
  4725 | D:5      | Found an iron altar of Okawaru.
  4737 | D:5      | Reached skill level 5 in Armour
  5038 | D:4      | Found an opulent altar of Gozag.
  5708 | D:5      | Reached **** piety under Trog
  6075 | D:6      | Noticed Sigmund
  6094 | D:6      | Killed Sigmund
  6095 | D:6      | Reached skill level 5 in Shields
  6290 | D:6      | Reached XP level 9. HP: 51/56 MP: 7/9
  6426 | D:6      | Found a runed translucent door.
  6430 | D:6      | Noticed retardedninja's ghost (novice MiFi)
  6515 | D:6      | Reached skill level 6 in Armour
  6748 | D:6      | Found a shimmering blue altar of Sif Muna.
  7456 | D:6      | Killed retardedninja's ghost
  7457 | D:6      | Reached skill level 5 in Dodging
  7519 | D:7      | Found Zonniorgh's Antique Armour Shoppe.
  7592 | D:7      | Noticed a two-headed ogre
  7603 | D:7      | Killed a two-headed ogre
  7604 | D:7      | Reached skill level 7 in Armour
  7604 | D:7      | Reached XP level 10. HP: 22/63 MP: 2/10
  7615 | D:7      | HP: 2/63 [wight/+4 short sword (6)]
  8215 | D:7      | Found a staircase to the Ecumenical Temple.
  8472 | D:7      | Found a sacrificial altar of Ru.
  8631 | D:7      | Bought a crude helmet for 285 gold pieces
  8631 | D:7      | Identified the +4 helmet of Duxzi {Harm *Slow rF+ Int+4
                  | SInv} (You bought it in a shop on level 7 of the Dungeon)
  8923 | D:8      | Found a basalt altar of Yredelemnul.
  9373 | D:8      | Found a hide-covered altar of Uskayaw.
  9449 | D:8      | Noticed a moth of wrath
  9452 | D:8      | Found a bloodstained altar of Trog.
  9537 | D:9      | Reached skill level 8 in Armour
  9597 | D:9      | Found a burning altar of Makhleb.
  9793 | D:9      | Reached ***** piety under Trog
  9894 | D:9      | Noticed Amaemon
  9901 | D:9      | Noticed an orange demon
  9912 | D:9      | Killed Amaemon
  9913 | D:9      | Reached XP level 11. HP: 69/69 MP: 11/11
 10118 | D:9      | Found a shadowy altar of Dithmenos.
 10314 | D:10     | Entered Level 10 of the Dungeon
 10329 | D:10     | Noticed a two-headed ogre
 10368 | D:10     | Killed a two-headed ogre
 10605 | D:10     | Reached skill level 9 in Armour
 10890 | D:10     | Found a stormy altar of Qazlal.
 10961 | D:10     | Found a glowing golden altar of the Shining One.
 10962 | D:10     | Found a glowing silver altar of Zin.
 11181 | D:10     | Found a white marble altar of Elyvilon.
 11285 | D:11     | Noticed a manticore
 11294 | D:11     | Killed a manticore
 11510 | D:11     | Found a staircase to the Orcish Mines.
 11625 | D:11     | Noticed a four-headed hydra
 11644 | D:11     | Killed a four-headed hydra
 11644 | D:11     | Received a gift from Trog
 11790 | D:11     | Reached XP level 12. HP: 61/77 MP: 12/12
 11807 | D:11     | Found a gate leading to a gauntlet.
 11813 | Gauntlet | Entered a Gauntlet
 11813 | Gauntlet | Found a transporter.
 11872 | Gauntlet | Found a transporter.
 11875 | Gauntlet | Found a transporter.
 11876 | Gauntlet | Found a transporter.
 11906 | Gauntlet | Reached skill level 10 in Armour
 12099 | Gauntlet | Found a transporter.
 12103 | Gauntlet | Found a transporter.
 12124 | Gauntlet | Noticed a blizzard demon
 12129 | Gauntlet | Identified the +4 arbalest of Armageddon {elec, rF- rN+
                  | SInv}
 12129 | Gauntlet | Noticed a minotaur
 12139 | Gauntlet | HP: 1/77 [minotaur/+1 battleaxe of freezing (7)]
 12139 | Gauntlet | Slain by a minotaur

Illustrated notes

Levels and vault maps discovered:
D:1:      minmay_arrival_checkered_box, layout_basic,
          hellmonk_ecumenical_altar_heavens_door,
          hangedman_decor_clover_reticule, hex_intersection, nrook_mini_vaults
D:2:      wad_lake_hut, layout_loops_ring, minivault_14, minmay_tetromino_t2
D:3:      layout_basic, old_standard_altar, minmay_cut_off, uniq_natasha,
          uniq_terence, uniq_grinder, uniq_pargi
D:4:      layout_basic, kennysheep_mini_moat, nicolae_gozag_seed_capital,
          serial_shops, shop, minmay_surrounded
D:5:      layout_basic, okawaru_ov_weapons_minmay
D:6:      layout_basic, kennysheep_orc_sif_temple,
          hellmonk_ghost_happy_afterlife, uniq_sigmund
D:7:      layout_basic, mainiacjoe_overflow_catwalk,
          minmay_temple_entry_from_below_a, serial_shops,
          nicolae_shop_overgrown_old_shop, grunt_decor_junction
D:8:      layout_loops_ring, tgw_trog, lemuel_doored_altar,
          nicolae_yredelemnul_corpse_copse
D:9:      layout_rooms, mainiacjoe_overflow_alcove_4,
          mainiacjoe_overflow_small_starburst, uniq_amaemon
D:10:     layout_basic, dreamdust_divine_triumvirate, old_standard_altar
D:11:     layout_long_grid, david_lair_generic, zombieorc1_lemuel,
          gauntlet_entry_generic, st_stairs_11
Gauntlet: gammafunk_gauntlet_77_escape_option
          [minmay_gauntlet_arena_77_two_paths, minmay_gauntlet_arena_77_fan,
          minmay_gauntlet_arena_77_museum, minmay_gauntlet_arena_77_braids,
          minmay_gauntlet_arena_77_checkered, gauntlet_exit_green]

Skill      XL: |  1  2  3  4  5  6  7  8  9 10 11 12 |
---------------+-------------------------------------+-----
Dodging        | 2 3 4 5 6 7 |  7.2
Shields        | 1 2 3 5 6 8 9 |  9.0
Armour         | 3 4 5 7 8 9 10 | 10.1
Fighting       | 4 5 6 7 8 9 |  9.8
Maces & Flails | 4 5 6 8 9 |  9.6

Action                   |  1- 3 |  4- 6 |  7- 9 | 10-12 || total
-------------------------+-------+-------+-------+-------++-------
Melee: Mace              |   121 |    72 |       |       ||   193
       Flail             |       |    17 |   338 |   258 ||   613
       Demon whip        |       |       |       |   336 ||   336
Throw: Dart              |       |       |     1 |     2 ||     3
Invok: Berserk           |     2 |     1 |     4 |     2 ||     9
  Use: Scroll            |       |       |     4 |     3 ||     7
 Stab: Sleeping          |       |     4 |     2 |       ||     6
Armor: Animal skin       |    21 |       |       |       ||    21
       Leather armour    |    13 |    22 |   102 |    94 ||   231
       Robe              |       |     1 |    37 |       ||    38
       Ring mail         |       |       |       |   134 ||   134
Dodge: Dodged            |    63 |    51 |   178 |   333 ||   625
Block: Buckler           |     7 |    12 |    73 |   230 ||   322
